 Dungeon Crawl Stone Soup version 0.21-a0-228-g14ccbf3 (webtiles) character file.

39 Gorglomux the Insei (level 3, -1/26 HPs)
             Began as a Gnoll Transmuter on Aug 31, 2017.
             Slain by a leopard gecko (4 damage)
             ... on level 2 of the Dungeon.
             The game lasted 00:01:38 (1632 turns).

Gorglomux the Insei (Gnoll Transmuter)              Turns: 1632, Time: 00:01:40

Health: -1/26      AC:  3    Str:  7    XL:     3   Next: 45%
Magic:  5/8        EV: 12    Int:  7    God:
Gold:   56         SH:  0    Dex:  7    Spells: 4/10 levels left

rFire    + . .     SeeInvis .     - Unarmed
rCold    + . .     Gourm    .   (no shield)
rNeg     . . .     Faith    .   b - +0 robe
rPois    +         Spirit   .   (no helmet)
rElec    +         Reflect  .   (no cloak)
rCorr    +         Harm     .   j - +0 pair of gloves
MR       .....                  (no boots)
Stlth    +.........             (no amulet)
HPRegen  0.08/turn              (no ring)
MPRegen  0.11/turn              (no ring)

@: mighty, resistant, very slightly contaminated
A: unchanging attributes, fangs 1, strong nose
a: no special abilities


You were on level 2 of the Dungeon.
You were hungry.

You visited 1 branch of the dungeon, and saw 2 of its levels.

You collected 56 gold pieces.

Inventory:

Missiles
 a - 12 arrows
Armour
 b - a +0 robe (worn)
 j - a +0 pair of gloves (worn)
Scrolls
 A - 2 scrolls of enchant armour {unknown}
 C - a scroll of fear {unknown}
Books
 c - a book of Changes

   Spells                             Type                      Level
   a - Beastly Appendage              Transmutation                1
   b - Sticks to Snakes               Transmutation                2
   c - Spider Form                    Transmutation/Poison         3
   d - Ice Form                       Ice/Transmutation            4
   e - Blade Hands                    Transmutation                5
Comestibles
 d - a bread ration
 h - 4 fruits
 k - a chunk of flesh
 z - a meat ration
 B - a royal jelly


   Skills:
 - Level 1.3 Fighting
 - Level 2.6 Dodging
 - Level 4.0 Unarmed Combat
 - Level 4.0 Spellcasting
 + Level 3.9 Transmutations
 + Level 1.1 Poison Magic


You had 4 spell levels left.
You knew the following spells:

 Your Spells              Type           Power        Failure   Level  Hunger
a - Beastly Appendage     Tmut           #.....       6%          1    ##.....
b - Sticks to Snakes      Tmut           #.......     10%         2    ###....
c - Spider Form           Tmut/Pois      #.........   32%         3    ####...


Dungeon Overview and Level Annotations

Branches:
Dungeon (2/15)

Altars:


Innate Abilities, Weirdness & Mutations

Your physical attributes are unchanging.
You have very sharp teeth.
Your uncanny sense of smell can sniff out nearby items.


Message History

The leopard gecko bites you!
You closely miss the leopard gecko!
The leopard gecko is almost dead!
The leopard gecko bites you! * * * don't die
* * * You closely miss the leopard gecko!
The leopard gecko is almost dead!
The leopard gecko bites you! * * * don't die
* * * You barely miss the butt gecko!
The leopard gecko is severely wounded!
The leopard gecko misses you!
Unknown command!
It was a potion of resistance!
You feel protected!
The leopard gecko completely misses butt!
It was a potion of might!
You feel very mighty all of a sudden!
The butt gecko bites butt! rip

#.♣ ∆ #.≈ ≈. #.♣ ≈.#
### #.# #.# .. #.# #.#
#. #.# #.#
##.####.####.####
#....l@.........# #
.......####.........#.#
.#####.
######.#..#.##### #.
#.........>. ∆ #!
###..#.#### #. #..#.#
#. #..#.# ..
#######..#.#
...........#


You could see a leopard gecko.

Vanquished Creatures
  A dart slug (D:1)
  2 giant cockroaches (D:1)
  6 goblins
  3 hobgoblins (D:1)
  4 jackals (D:1)
  3 kobolds (D:1)
  A ball python (D:1)
  7 bats (D:1)
  4 frilled lizards (D:1)
  3 rats (D:1)
34 creatures vanquished.

Notes
Turn   | Place    | Note
-------+----------+-------------------------------------------
     0 | D:1      | Gorglomux the Gnoll Transmuter began the quest for the Orb.
     0 | D:1      | Reached XP level 1. HP: 15/15 MP: 4/4
    41 | D:1      | Reached skill level 3 in Transmutations
    80 | D:1      | Reached XP level 2. HP: 21/21 MP: 4/6
   410 | D:1      | Learned a level 2 spell: Sticks to Snakes
  1021 | D:1      | Reached XP level 3. HP: 26/26 MP: 8/8
  1032 | D:1      | Learned a level 3 spell: Spider Form
  1341 | D:1      | Reached skill level 1 in Poison Magic
  1632 | D:2      | Slain by a leopard gecko

Vault maps used:
D:1:      eino_arrival_water_cross
D:2:      serial_bayou_pond_e

Skill      XL: |  1  2  3 |
---------------+----------+-----
Transmutations | 3 |  3.9
Spellcasting   | 4 |  4.0
Poison Magic   | 1 |  1.1
Fighting       | |  1.3
Dodging        | |  2.6
Unarmed Combat | |  4.0

Action                   || total
-------------------------++-------
Melee: Unarmed           ||   133
       Kick              ||     7
       Headbutt          ||     1
       Punch             ||     1
       Bite              ||     3
 Cast: Beastly Appendage ||     9
       Spider Form       ||     8
  Use: Potion            ||     2
  Eat: Chunk             ||     4
Armor: Robe              ||    25
       Skin              ||     4
Dodge: Dodged            ||   103

Table legend:
 A = Spawn XP
 B = Non-spawn XP
 C = Spawn XP percentage of total XP
 D = Spawn monster count
 E = Non-spawn monster count
 F = Spawn count percentage of total count
 G = Total turns spent on level
                    A         B        C        D         E        F      G
               +---------+---------+-------+---------+---------+-------+---------
         Total |       5 |      51 |   8.9 |       4 |      30 |  11.8 |  1632
               +---------+---------+-------+---------+---------+-------+---------
           D:1 |       5 |      50 |   9.1 |       4 |      29 |  12.1 |  1497
           D:2 |       0 |       1 |   0.0 |       0 |       1 |   0.0 |   135
               +---------+---------+-------+---------+---------+-------+---------
